 Dungeon Crawl Stone Soup version 0.29-a0-1065-g47a6bb87d6 (webtiles) character file.

Game seed: 18011677159000364215

481 quixfox the Conjurer (level 6, -2/41 HPs)
             Began as a Demonspawn Conjurer on Aug 18, 2022.
             Slain by an orc priest
             ... wielding a +0 trident
              (8 damage)
             ... on level 4 of the Dungeon.
             The game lasted 00:12:33 (5317 turns).

quixfox the Conjurer (Demonspawn Conjurer)          Turns: 5317, Time: 00:12:34

Health: -2/41      AC:  2    Str:  8    XL:     6   Next: 87%
Magic:  12/12      EV: 12    Int: 27    God:
Gold:   200        SH:  0    Dex: 11    Spells: 6/13 levels left

rFire   . . .      SeeInvis .   l - +5 spear (venom)
rCold   + . .      Faith    .   (no shield)
rNeg    . . .      Spirit   .   a - +0 robe
rPois   .          Reflect  .   (helmet restricted)
rElec   .          Harm     .   (no cloak)
rCorr   .          Rampage  .   (no gloves)
Will    .....                   (no boots)
Stlth   ++........              (no amulet)
HPRegen 0.13/turn               q - ring of protection from cold
MPRegen 0.13/turn               t - +6 ring of intelligence

@: no status effects
A: antennae 2, spiny 1
a: no special abilities


You were on level 4 of the Dungeon.
You visited 1 branch of the dungeon, and saw 4 of its levels.

You collected 200 gold pieces.

Inventory:

Hand Weapons
 l - a +5 spear of venom (weapon)
Armour
 a - a +0 robe (worn)
Jewellery
 q - a ring of protection from cold (left hand)
 t - a +6 ring of intelligence (right hand)
Scrolls
 e - 3 scrolls of teleportation {unknown}
 f - a scroll of vulnerability {unknown}
 h - a scroll of immolation {unknown}
 i - 2 scrolls of amnesia {unknown}
 k - 5 scrolls of identify {unknown}
 n - a scroll of enchant armour {unknown}
 o - a scroll of enchant weapon {unknown}
 r - a scroll of poison {unknown}
 s - a scroll of blinking {unknown}
Potions
 b - a potion of magic
 c - a potion of flight {unknown}
 d - a potion of curing {unknown}
 g - a potion of heal wounds {unknown}
 j - a potion of invisibility
 m - a potion of ambrosia {unknown}
 p - a potion of degeneration {unknown}
 u - a potion of mutation {unknown}


   Skills:
 - Level 1.7 Dodging
 - Level 1.7 Stealth
 + Level 4.2 Spellcasting
 * Level 7.2 Conjurations


You had 6 spell levels left.
You knew the following spells:

 Your Spells              Type           Power      Damage    Failure   Level
a - Magic Dart            Conj           100%       1d8       1%          1
b - Searing Ray           Conj           88%        2d7       1%          2
c - Iskenderun's Mystic   Conj/Tloc      25%        2d7       19%         4

Your spell library contained the following spells:

 Spells                   Type           Power      Damage    Failure   Level
 Dazzling Flash           Conj/Hex       50%        N/A       5%          3
 Sublimation of Blood     Necr           5%         N/A       12%         2
 Wereblood                Tmut           5%         N/A       12%         2
 Fulminant Prism          Conj/Hex       12%        3d9       19%         4
 Summon Hydra             Summ           2%         N/A       100%        7


Dungeon Overview and Level Annotations

Branches:
Dungeon (4/15)
 Temple: D:4-7

Altars:
Makhleb

Shops:
D:3 [   D:4 =


Innate Abilities, Weirdness & Mutations

You have a pair of antennae on your head.
You are partially covered in sharp spines.


Message History

The hound is severely wounded.
The hound barely misses you.
The magic dart hits the hound.
You kill the hound!
Autopickup is now on.
You now have 194 gold pieces (gained 15).
k - 5 scrolls labelled KUSEZE NAIXO (gained 1)
t - a +6 ring of intelligence You feel clever.
t - a +6 ring of intelligence (right hand)
Found a ring mail.
You pick up a book of Blood and begin reading...
You add the spells Sublimation of Blood, Wereblood and Summon Hydra to your library.
u - a viscous amethyst potion You now have 200 gold pieces (gained 6).
Found a robe.
Casting: Magic Dart (safe; 1% risk of failure)
Confirm with . or Enter, or press ? or * to list all spells.
Okay, then.
You open the door.
An orc priest comes into view. It is wielding a +0 club.
The orc priest shouts!
You hear a shout!
The orc priest casts a cantrip, but nothing happens.
The orc priest mumbles some strange prayers to Beogh against you.
Beogh smites you!
The orc priest casts a cantrip, but nothing happens.
An orc priest comes into view. It is wielding a +0 trident.
The orc priest shouts!
The orc priest calls down the wrath of Beogh upon you.
Beogh smites you!
Things that are here:
a +0 flail; 6 stones
Okay, then.
The orc priest miscasts a cantrip.
The orc priest mumbles some strange prayers to Beogh against you.
Beogh smites you!
* * * LOW HITPOINT WARNING * * *
The orc priest is struck by your spines.
The orc priest hits you with a +0 trident!
You die...

###.#.## #.# ###..{..# #.#
#...#{### #)# ##.###.# #.# #..#
#)########.# ###.## #.o......#.#
#...# #.######.#.#
##♣.############.#.###
#♣.∩.♣.........@oo....#
##..♣#############.#.#.# ....#
#.....#.# ##..######### #.#.###.#
............####.#.###.##########
.................................
........)...##########.##########
............................####
...####.##############.........#


You could see 2 orc priests.

Vanquished Creatures
  3 hounds (D:4)
  An iguana (D:4)
  3 orc wizards
  Robin (D:2)
  7 gnolls
  8 adders
  3 worms
  12 orcs
  8 ball pythons
  2 bats (D:2)
  8 endoplasms
  6 giant cockroaches
  17 goblins
  11 hobgoblins
  15 jackals
  3 quokkas
  4 frilled lizards
  5 kobolds
  3 rats (D:3)
120 creatures vanquished.

Vanquished Creatures (others)
  36 plants (D:4)
36 creatures vanquished.

Grand Total: 156 creatures vanquished

Notes
Turn   | Place    | Note
-------+----------+-------------------------------------------
     0 | D:1      | quixfox the Demonspawn Conjurer began the quest for the
                  | Orb.
     0 | D:1      | Reached XP level 1. HP: 13/13 MP: 3/3
   456 | D:1      | Gained mutation: You are partially covered in sharp spines.
                  | [demonic ancestry]
   456 | D:1      | Reached XP level 2. HP: 19/19 MP: 1/5
   759 | D:1      | Learned a level 2 spell: Searing Ray
   985 | D:1      | Gained mutation: You have a pair of small antennae on your
                  | head. [demonic ancestry]
   985 | D:1      | Reached XP level 3. HP: 24/24 MP: 3/6
  1364 | D:2      | Noticed Robin
  1663 | D:2      | Reached skill level 5 in Conjurations
  1933 | D:2      | Reached XP level 4. HP: 30/30 MP: 1/8
  2351 | D:2      | Learned a level 4 spell: Iskenderun's Mystic Blast
  2531 | D:2      | Killed Robin
  2532 | D:2      | Gained mutation: You have a pair of antennae on your head.
                  | [demonic ancestry]
  2532 | D:2      | Reached XP level 5. HP: 35/35 MP: 2/9
  2969 | D:3      | Reached skill level 6 in Conjurations
  3243 | D:3      | Found Uketamik's Antique Armour Emporium.
  3308 | D:3      | Found a burning altar of Makhleb.
  3713 | D:3      | Reached XP level 6. HP: 34/41 MP: 2/11
  4189 | D:4      | Found Umeuxut's Jewellery Shop.
  4918 | D:4      | Reached skill level 7 in Conjurations
  5317 | D:4      | Slain by an orc priest

Illustrated notes

Levels and vault maps discovered:
D:1:      matt_arrival_los_fun, layout_loops_cross
D:2:      layout_loops_ring, palyth_stone_intersect, uniq_robin
D:3:      layout_rooms, marbit_many_paths, serial_shops,
          nicolae_shop_waterfront, minmay_misc_feat_alley, eino_curves_04,
          chequers_serial_rivers_small_a, st_stairs_6, hangedman_decor_push
D:4:      minmay_wonky_spiral, layout_basic, serial_shops, nicolae_shop_trees,
          serial_bayou_lagoon_a

Skill      XL: |  1  2  3  4  5  6 |
---------------+-------------------+-----
Conjurations   | 5 6 7 |  7.2
Spellcasting   | 3 4 |  4.2
Dodging        | |  1.7
Stealth        | |  1.7

Action                   |  1- 3 |  4- 6 || total
-------------------------+-------+-------++-------
Melee: Unarmed           |    13 |       ||    13
       Spear             |       |    23 ||    23
 Cast: Magic Dart        |    68 |   133 ||   201
       Searing Ray       |     2 |    12 ||    14
 Stab: Sleeping          |       |     1 ||     1
Armor: Robe              |     1 |     4 ||     5
Dodge: Dodged            |    20 |     9 ||    29

Table legend: (Time is in decaauts)
 A = Elapsed time spent in this place.
 B = Non-inter-level travel time spent in this place.
 C = Inter-level travel time spent in this place.
 D = Time resting spent in this place.
 E = Time spent auto-exploring this place.
 F = Levels seen in this place.
 G = Mean time per level.
                   A        B        C        D        E       F      G
               +--------+--------+--------+--------+--------+-----+--------+
         Total |   5326 |   5223 |    103 |    726 |   3630 |   4 | 1331.5 |
       Dungeon |   5326 |   5223 |    103 |    726 |   3630 |   4 | 1331.5 |
               +--------+--------+--------+--------+--------+-----+--------+

Top non-repeatable levels by time:
     D:2: 1449 daAuts
     D:1: 1419 daAuts
     D:4: 1337 daAuts
     D:3: 1119 daAuts
